 Dungeon Crawl Stone Soup version 0.21.1-1-g345015f (webtiles) character file.

84 letownia2 the Ruffian (level 4, 22/33 HPs)
             Began as a Demonspawn Gladiator on July 15, 2018.
             Quit the game on level 4 of the Dungeon.
             The game lasted 00:04:22 (931 turns).

letownia2 the Ruffian (Demonspawn Gladiator)         Turns: 931, Time: 00:04:22

Health: 22/33      AC:  5    Str: 15    XL:     4   Next: 24%
Magic:  4/4        EV: 12    Int: 10    God:
Gold:   104        SH:  0    Dex: 14    Spells: 3/3 levels left

rFire    . . .     SeeInvis .     - Unarmed
rCold    . . .     Gourm    .   (no shield)
rNeg     . . .     Faith    .   a - +0 leather armour
rPois    .         Spirit   .   b - +0 helmet
rElec    .         Reflect  .   (no cloak)
rCorr    .         Harm     .   (no gloves)
MR       .....                  (no boots)
Stlth    +.........             (no amulet)
HPRegen  0.11/turn              (no ring)
MPRegen  0.09/turn              (no ring)

@: mildly poisoned (22 -> 22)
A: talons 1, rugged brown scales 1
a: no special abilities


You were on level 4 of the Dungeon.
You were not hungry.

You visited 1 branch of the dungeon, and saw 5 of its levels.

You collected 104 gold pieces.

Inventory:

Missiles
 f - 18 bolts
 l - 20 sling bullets
Armour
 a - a +0 leather armour (worn)
 b - a +0 helmet (worn)
 r - a +0 chain mail
Scrolls
 e - a scroll of amnesia {unknown}
 g - a scroll of enchant weapon {unknown}
 h - a scroll of teleportation {unknown}
 j - 2 scrolls of remove curse {unknown}
 n - a scroll of noise {unknown}
 q - a scroll of identify {unknown}
Potions
 k - a potion of might {unknown}
 m - a potion of agility {unknown}
 o - a potion of flight {unknown}
Comestibles
 d - 3 rations


   Skills:
 - Level 2.0 Fighting
 - Level 1.7 Throwing
 - Level 2.6 Dodging
 + Level 4.6 Unarmed Combat


You had 3 spell levels left.
You didn't know any spells.

Dungeon Overview and Level Annotations

Branches:
Dungeon (5/15)
 Temple: D:4-7

Altars:
Ashenzari

Annotations:
D:4 Dowan


Innate Abilities, Weirdness & Mutations

You have sharp toenails.
You are partially covered in rugged brown scales. (AC +1, +3% HP)


Message History

Your toenails lengthen and sharpen.
The adder skeleton bites you.
You feel sick.
You see here a dagger.
You hit the adder skeleton. Your kick misses the adder skeleton.
The adder skeleton is moderately damaged.
The adder skeleton closely misses you.
You hit the adder skeleton. Your kick misses the adder skeleton.
The adder skeleton is heavily damaged.
The adder skeleton closely misses you.
You hit the adder skeleton.
You destroy the adder skeleton!
You feel sick.
All of the chunks of flesh in your inventory have rotted away.
You see here a dagger.
You feel sick.
Dowan, Brother of Duvessa comes into view.
He is wielding a dagger.
Dowan shouts!
You hear a shout! x2
You see here a throwing net.
Are you sure you want to abandon this character and quit the game? (Confirm with "yes".)

#.........#
#.#######.#
#.#######.#
#.......#.#
..........#
######.#.#
#.#.#
#.#.#######.##
#.#....@.....#
#.#####.#..#..#
#.# #)# ....
#.#####.# ....
#.......# ...
#######.# e.
#... . #.#...
.......#


You could see Dowan.

Vanquished Creatures
  An orc wizard (D:3)
  A worker ant (D:4)
  An adder skeleton (D:4)
  3 leopard geckos
  3 orcs
  A ball python (D:4)
  A bat (D:2)
  2 giant cockroaches
  3 goblins
  2 quokkas (D:2)
  2 frilled lizards (D:2)
  4 kobolds
  5 rats
29 creatures vanquished.

Notes
Turn   | Place    | Note
-------+----------+-------------------------------------------
     0 | D:1      | letownia2 the Demonspawn Gladiator began the quest for the Orb.
     0 | D:1      | Reached XP level 1. HP: 16/16 MP: 1/1
    92 | D:2      | Reached skill level 3 in Unarmed Combat
   232 | D:2      | Gained mutation: You are partially covered in rugged brown scales. (AC +1, +3% HP) [demonic ancestry]
   232 | D:2      | Reached XP level 2. HP: 2/22 MP: 2/2
   699 | D:3      | Reached skill level 4 in Unarmed Combat
   699 | D:3      | Reached XP level 3. HP: 10/27 MP: 3/3
   781 | D:4      | HP: 1/27 [leopard gecko (3)]
   844 | D:5      | Entered Level 5 of the Dungeon
   874 | D:4      | Found a shattered altar of Ashenzari.
   919 | D:4      | Gained mutation: You have sharp toenails. [demonic ancestry]
   919 | D:4      | Reached XP level 4. HP: 25/33 MP: 4/4
   930 | D:4      | Noticed Dowan
   931 | D:4      | Quit the game

Skill      XL: |  1  2 |
---------------+-------+-----
Unarmed Combat | 3 4 |  4.6
Fighting       | |  2.0
Throwing       | |  1.7
Dodging        | |  2.6

Action                   |  1- 3 |  4- 6 || total
-------------------------+-------+-------++-------
Melee: Unarmed           |   117 |     3 ||   120
       Punch             |     3 |       ||     3
       Kick              |       |     1 ||     1
Throw: Throwing net      |     4 |       ||     4
  Use: Potion            |     1 |       ||     1
 Stab: Sleeping          |     1 |       ||     1
Armor: Leather armour    |    28 |       ||    28
Dodge: Dodged            |    69 |     2 ||    71
